AoeStats
← Elnor

Arabia

510577676Analyzed
1v1 RM · 13h ago on Oct 1, 2026· 41m 24s· 2 players
Game mode
Random Map
Map size
Tiny (2 player)
Population
200
Speed
Normal
Resources
Standard
Victory
Conquest
Starting age
Dark Age
Ending age
Imperial Age
RankedLock teamsTeams togetherTeam positionsShared explorationLock speedFull tech treeHidden civsTurbo modeCheats
Victory
Defeat
🇮🇹 Armenians · Italy
1627
+13
🇩🇰 Teutons · Denmark
1569
-13
OppositePol
6:35 Loom
9:09 Feudal Age
10:20 Double-Bit Axe
15:57 Fletching
16:07 Padded Archer Armor
20:39 Castle Age
19:30 Horse Collar
19:48 Gold Mining
20:58 Bloodlines
20:59 Forging
20:55 Elite Skirmisher
21:31 Bodkin Arrow
21:52 Bow Saw
27:44 Stone Mining
35:55 Imperial Age
34:07 Town Watch
35:01 Wheelbarrow
34:49 Leather Archer Armor
35:57 Ballistics
37:07 Town Patrol
38:12 Chemistry
37:14 Heavy Plow
36:48 Cavalier
38:55 Scale Barding Armor
39:21 Ring Archer Armor
Elnor
6:35 Loom
9:22 Feudal Age
9:28 Man-at-Arms
9:58 Double-Bit Axe
11:08 Horse Collar
21:58 Castle Age
20:12 Scale Mail Armor
20:16 Pikeman
21:21 Forging
23:06 Bow Saw
25:48 Wheelbarrow
25:46 Heavy Plow
26:46 Squires
33:09 Imperial Age
31:11 Halberdier
32:12 Chain Mail Armor
33:37 Hand Cart
34:16 Iron Casting
34:30 Plate Mail Armor
34:53 Conscription
37:10 Elite Skirmisher
38:04 Fletching
38:26 Masonry
39:18 Chemistry
38:52 Bodkin Arrow
Connection lost

Rejoining the realm…

Still unreachable

The connection could not be restored.

Session expired

The server has moved on; the page needs a fresh start.